 Dungeon Crawl Stone Soup version 0.28.0-45-g0d030f2227 (webtiles) character file.

Game seed: 6858954706685704120

1221 raph the Spear-Bearer (level 8, -5/58 HPs)
             Began as a Merfolk Gladiator on May 10, 2022.
             Was a Follower of Okawaru.
             Slain by an unseen horror (8 damage)
             ... on level 6 of the Dungeon.
             The game lasted 00:09:59 (7957 turns).

raph the Spear-Bearer (Merfolk Gladiator)           Turns: 7957, Time: 00:10:00

Health: -5/58      AC:  6    Str: 15    XL:     8   Next: 47%
Magic:  9/9        EV: 14    Int:  7    God:    Okawaru [*.....]
Gold:   164        SH:  0    Dex: 17    Spells: 7/7 levels left

rFire   . . .      SeeInvis .   a - +1 trident (freeze)
rCold   . . .      Faith    .   (no shield)
rNeg    . . .      Spirit   .   b - +0 leather armour
rPois   .          Reflect  .   c - +0 helmet
rElec   .          Harm     .   l - +1 cloak
rCorr   .          Rampage  .   (no gloves)
Will    .....                   (no boots)
Stlth   ++........              (no amulet)
HPRegen 0.19/turn               (no ring)
MPRegen 0.11/turn               (no ring)

@: no status effects
A: (nimble swimmer 2), mertail
a: Renounce Religion, Heroism


You were on level 6 of the Dungeon.
You worshipped Okawaru.
Okawaru was aware of your devotion.
You visited 2 branches of the dungeon, and saw 7 of its levels.
You also visited: Sewer.

You collected 218 gold pieces.
You spent 54 gold pieces at shops.

Inventory:

Hand Weapons
 a - a +1 trident of freezing (weapon)
 h - a +3 spear
Missiles
 d - 3 throwing nets
 f - 27 poisoned darts (quivered)
 o - 5 boomerangs
 s - 2 javelins
Armour
 b - a +0 leather armour (worn)
 c - a +0 helmet (worn)
 l - a +1 cloak (worn)
Jewellery
 j - a +6 ring of strength
Wands
 p - a wand of paralysis (9)
 r - a wand of mindburst (10)
Scrolls
 g - 2 scrolls of immolation
 n - a scroll of fog
 t - 3 scrolls of fear
 v - a scroll of magic mapping
Potions
 e - 2 potions of attraction
 k - 5 potions of curing
 m - a potion of might {unknown}
 q - a potion of berserk rage {unknown}
 u - 2 potions of flight {unknown}
 w - a potion of haste {unknown}
 x - a potion of brilliance
 z - a potion of mutation {unknown}
 A - a potion of resistance {unknown}


   Skills:
 + Level 3.0 Fighting
 + Level 13.4 Polearms
 + Level 2.5 Throwing
 + Level 4.6 Dodging
 + Level 1.7 Stealth
 + Level 1.3 Invocations


You had 7 spell levels left.
You didn't know any spells.
Your spell library contained the following spells:

 Spells                   Type           Power      Damage    Failure   Level
 Beastly Appendage        Tmut           0%         N/A       50%         1
 Freeze                   Ice            0%         1d3       50%         1
 Wereblood                Tmut           0%         N/A       65%         2
 Frozen Ramparts          Ice            0%         1d2       86%         3
 Gell's Gravitas          Tloc           0%         N/A       86%         3
 Ignite Poison            Fire/Tmut/Pois 0%         N/A       86%         3
 Inner Flame              Hex/Fire       0%         N/A       86%         3
 Mephitic Cloud           Conj/Pois/Air  0%         N/A       86%         3
 Spider Form              Tmut/Pois      0%         N/A       86%         3
 Teleport Other           Tloc           0%         N/A       86%         3
 Cause Fear               Hex            0%         N/A       99%         4
 Hailstorm                Conj/Ice       0%         3d3       99%         4
 Freezing Cloud           Conj/Ice/Air   0%         6-21      100%        5
 Dispersal                Tloc           0%         N/A       100%        6
 Discord                  Hex            0%         N/A       100%        8


Dungeon Overview and Level Annotations

Branches:
Dungeon (6/15)             Temple (1/1) D:4           Sewer (visited)

Altars:
Ashenzari
Cheibriados
Elyvilon
Fedhas
Gozag
Hepliaklqana
Kikubaaqudgha
Makhleb
Nemelex Xobeh
Okawaru
Qazlal
Ru
Sif Muna
Trog
Uskayaw
Vehumet
Wu Jian
Xom
Yredelemnul
Zin
The Shining One

Shops:
D:3 :*!   D:4 [


Innate Abilities, Weirdness & Mutations

((You are very nimble when in or above water. (Stealth+, EV+, Speed+++)))
Your lower body shifts to a powerful aquatic tail in water.


Message History

As you read the scroll of identify, it crumbles to dust.
k - 5 potions of curing
A - a smoky brown potion
Found a stone staircase leading up.
Things that are here:
a +0 flail; a +0 robe; the orc corpse of Blork the orc
There is an open door here.
Items here: ))) [[[ ÷÷.
There is a strange disturbance nearby!
There is a strange disturbance nearby!
No target in view!
Deactivating autopickup; reactivate with Ctrl-A.
You hit something but do no damage. Something hits you.
You hit something. You freeze something. Something hits you.
You hit something but do no damage. Something barely misses you.
Something hits you but does no damage. Something hits you!
You barely miss something. Something hits you! Something hits you.
You miss something. Something hits you.
You closely miss something. Something hits you. Something hits you.
You start resting.
Something hits you.
You start resting.
Something hits you.
* * * LOW HITPOINT WARNING * * *
You hit something. You freeze something. Something hits you but does no damage.
Something hits you.
* * * LOW HITPOINT WARNING * * *
Something hits you!
* * * LOW HITPOINT WARNING * * *
You feel much better. Something barely misses you.
Something hits you but does no damage. Something hits you!
* * * LOW HITPOINT WARNING * * *
Something hits you.
* * * LOW HITPOINT WARNING * * *
Something hits you.
* * * LOW HITPOINT WARNING * * *
Something hits you!
You die...

.#≈##.# #.. ###
.####.# #.#
###########.# .## #.#
#.# #...........# ..#
#.# #.# #.#########.#
#.###.# #.# #.#
#.......# #..##.# #
##.# #.# #.#######
##.##.# #.#..# #.#
#.# ##..#.#
#.#.####.# #.#
###.#.# #......@.#
#.# #
#.#.######.########.#
#
#...................#
#
##..######....#######
# #..# ####.# # #..#
#.# # ##.# #.# # #.#
#)# #.# #.#


There were no monsters in sight!

Vanquished Creatures
  A black bear (D:6)
  A necrophage (D:4)
  3 phantoms
  A kobold brigand (D:6)
  Blork the orc (D:6)
  A wyvern skeleton (D:5)
  A water moccasin zombie (D:5)
  A bullfrog zombie (D:5)
  A jelly (D:6)
  A bullfrog skeleton (D:6)
  An orc priest (D:4)
  A hound (D:4)
  Terence (D:2)
  4 orc wizards
  A hell rat (Sewer)
  A hound skeleton (D:3)
  A howler monkey skeleton (D:6)
  11 adders
  A river rat (Sewer)
  A white imp (D:5)
  2 ufetubi
  An adder skeleton (D:4)
  2 worms
  2 dart slugs (D:5)
  12 orcs
  9 ball pythons
  2 bats
  6 endoplasms
  4 giant cockroaches
  9 goblins
  7 hobgoblins
  4 jackals
  4 quokkas
  5 frilled lizards
  15 kobolds
  7 rats
126 creatures vanquished.

Notes
Turn   | Place    | Note
-------+----------+-------------------------------------------
     0 | D:1      | raph the Merfolk Gladiator began the quest for the Orb.
     0 | D:1      | Reached XP level 1. HP: 16/16 MP: 1/1
   229 | D:1      | Reached skill level 5 in Polearms
   240 | D:1      | Reached XP level 2. HP: 22/22 MP: 2/2
   798 | D:1      | Reached skill level 6 in Polearms
   798 | D:1      | Reached XP level 3. HP: 27/27 MP: 3/3
   958 | D:2      | Noticed Terence
  1282 | D:2      | Killed Terence
  1283 | D:2      | Reached skill level 7 in Polearms
  1283 | D:2      | Reached XP level 4. HP: 15/33 MP: 4/4
  2098 | D:2      | Found a faded altar of an unknown god.
  2422 | D:3      | Found Taleffi's Distillery.
  2543 | D:3      | Found Orru's General Store.
  2566 | D:3      | Found Mimofeox's Book Emporium.
  2858 | D:3      | Reached skill level 8 in Polearms
  2858 | D:3      | Reached XP level 5. HP: 38/38 MP: 5/5
  3270 | D:4      | Noticed a necrophage
  3271 | D:4      | Found Kamim's Armour Shop.
  3288 | D:4      | Killed a necrophage
  3289 | D:4      | Reached skill level 9 in Polearms
  3462 | D:4      | Reached XP level 6. HP: 29/44 MP: 6/6
  3463 | D:4      | Bought a +0 cloak for 54 gold pieces
  3915 | D:4      | Reached skill level 10 in Polearms
  4242 | D:4      | Found a staircase to the Ecumenical Temple.
  4248 | Temple   | Entered the Ecumenical Temple
  4500 | Temple   | Became a worshipper of Warmaster Okawaru
  4667 | D:5      | Entered Level 5 of the Dungeon
  5240 | D:5      | Reached skill level 11 in Polearms
  5240 | D:5      | Reached XP level 7. HP: 50/50 MP: 7/7
  6059 | D:5      | Reached skill level 12 in Polearms
  6239 | D:6      | Reached * piety under Okawaru
  6458 | D:6      | Reached skill level 13 in Polearms
  6458 | D:6      | Reached XP level 8. HP: 46/56 MP: 8/8
  6551 | D:6      | Found a glowing drain.
  6562 | Sewer    | Entered a sewer
  7654 | D:6      | Reached skill level 1 in Stealth
  7686 | D:6      | Reached skill level 1 in Invocations
  7713 | D:6      | Noticed Blork the orc
  7725 | D:6      | Killed Blork the orc
  7957 | D:6      | Slain by an unseen horror

Illustrated notes

Levels and vault maps discovered:
D:1:      dpeg_arrival_brainrot, layout_basic
D:2:      layout_basic, hellmonk_ecumenical_altar_inner_sanctum,
          grunt_ministairs_12, uniq_terence
D:3:      layout_basic, serial_shops, nicolae_shop_advertising_works
          [nicolae_subvault_shop_adworks], shop, shop, minivault_25
D:4:      layout_loops_corners, minmay_temple_entry_enclosed_plants,
          serial_shops, shop_statue
D:5:      layout_cave_pods, grunt_ministairs_1, grunt_decor_arrowhead
D:6:      layout_basic, portal_sewer_entry_d, minmay_misc_feat_hallway,
          uniq_blork_the_orc
Temple:   mainiacjoe_temple_archimedes_tessellation

Skill      XL: |  1  2  3  4  5  6  7  8 |
---------------+-------------------------+-----
Polearms       | 5 6 7 8 9 11 13 | 13.4
Stealth        | 1 |  1.7
Invocations    | 1 |  1.3
Fighting       | 3 |  3.0
Throwing       | |  2.5
Dodging        | |  4.6

Action                   |  1- 3 |  4- 6 |  7- 9 || total
-------------------------+-------+-------+-------++-------
Melee: Trident           |   109 |   185 |   203 ||   497
       Punch             |       |     2 |     5 ||     7
       Tailslap          |       |       |     1 ||     1
Throw: Dart              |     2 |     2 |     3 ||     7
       Throwing net      |     1 |       |       ||     1
Invok: Heroism           |       |       |     1 ||     1
  Use: Scroll            |     2 |     5 |     4 ||    11
       Potion            |       |     2 |     1 ||     3
 Stab: Sleeping          |     2 |     4 |     1 ||     7
       Held in net/web   |     1 |       |       ||     1
Armor: Leather armour    |    14 |    40 |    25 ||    79
Dodge: Dodged            |    51 |    57 |    68 ||   176
